 Dungeon Crawl Stone Soup version 0.13-a0-2214-g11ebcbd (webtiles) character file.

1287 Kae the Cudgeler (level 7, 0/61 HPs)
             Began as a Minotaur Berserker on July 3, 2013.
             Was an Elder of Trog.
             Succumbed to a killer bee's poison
             ... on Level 5 of the Dungeon.
             The game lasted 00:04:54 (4131 turns).

Kae the Cudgeler (Minotaur Berserker)               Turns: 4131, Time: 00:04:54

HP   0/61        AC 10     Str 24      XL: 7   Next: 99%
MP   2/2         EV  9     Int  8      God: Trog [****..]
Gold 291         SH  0     Dex 11      Spells:  0 memorised,  6 levels left

Res.Fire  : . . .   See Invis. : .   a - +0 mace
Res.Cold  : . . .   Warding    : .   q - +2 scale mail of Watchfulness {Str+2 Int+4 Life Prot.: + . . Conserve : . (no shield)
Res.Poison: .       Res.Corr.  : .   (helmet restricted)
Res.Elec. : .       Clarity    : .   (no cloak)
Sust.Abil.: . .     Spirit.Shd : .   e - +0 pair of gauntlets
Res.Mut.  : .       Stasis     : .   (no boots)
Res.Rott. : .       Flight     : .   (no amulet)
Saprovore : . . .                    (no ring)
                                     y - ring of life protection

@: regenerating, very poisoned, very resistant to hostile enchantments,
extremely unstealthy
A: retaliatory headbutt, horns 2
a: Burn Spellbooks, Berserk, Trog's Hand, Brothers in Arms, Renounce Religion


You were on level 5 of the Dungeon.
You worshipped Trog.
Trog was extremely pleased with you.
You were hungry.

You visited 1 branch of the dungeon, and saw 5 of its levels.

You collected 271 gold pieces.

Inventory:

Hand weapons
 a - a +0,+0 mace (weapon)
Armour
 b - a +0 animal skin
 e - a +0 pair of gauntlets (worn)
 q - the +2 scale mail of Watchfulness (worn) {Str+2 Int+4}
   (You found it on level 4 of the Dungeon)

   It affects your strength (+2).
   It affects your intelligence (+4).
Magical devices
 r - a wand of hasting (5) {unknown}
Comestibles
 c - 4 bread rations
 h - a lemon
 i - 3 meat rations
 m - 4 rotting chunks of ogre flesh
 n - a choko
 o - 3 apples
 v - a pear
Scrolls
 f - 2 scrolls of remove curse
 g - a scroll of fear
 p - 4 scrolls of noise
 u - 3 scrolls of teleportation
 x - a scroll of curse weapon {unknown}
 A - a scroll of enchant weapon II {unknown}
Jewellery
 y - a ring of life protection (left hand)
Potions
 j - a potion of agility {unknown}
 k - a potion of heal wounds
 l - a potion of degeneration {unknown}
 s - a potion of restore abilities {unknown}
 t - a potion of resistance {unknown}
 w - a potion of speed {unknown}
 z - a potion of mutation {unknown}


   Skills:
 + Level 5.9 Fighting
 * Level 7.7 Maces & Flails
 + Level 5.0 Armour
 + Level 5.1 Dodging


You had 6 spell levels left.
You didn't know any spells.

Dungeon Overview and Level Annotations

Branches:
Dungeon (5/27)
 Temple: D:4-7

Altars:
Okawaru
Sif Muna

Annotations
D:2 1 exclusion


Innate Abilities, Weirdness & Mutations

You reflexively headbutt those who attack you in melee.
You have a pair of horns on your head.


Message History

* * * LOW HITPOINT WARNING * * *
You feel sick. The killer bee stings you.
* * * LOW HITPOINT WARNING * * *
The killer bee stings you.
* * * LOW HITPOINT WARNING * * *
You are more poisoned.
The killer bee poisons you!
You see here a killer bee corpse.
Drink which item? (? for menu, Esc to quit)
Okay, then.
Read which item? (? for menu, Esc to quit)
As you read the scroll of fear, it crumbles to dust.
You assume a fearsome visage.
The killer bee looks frightened!
* * * LOW HITPOINT WARNING * * *
You feel sick.
Read which item? (? for menu, Esc to quit)
Identify which item? (? for menu, Esc to quit)
As you read the scroll of identify, it crumbles to dust.
k - a potion of heal wounds You die...

.k... .k....
.......
.......
#####......>
#k...k.......
#.#..........
#.#$.....#..#
#@#......# .
#.#......# ..
#.#........
..
#.#........
.. #.###.....
... #.# ....
### #.# ...
... #.# ####
#.# #...


You could see a killer bee (fleeing).

Vanquished Creatures
  Grinder (D:5)
  An ogre (D:5)
  A centaur (D:3)
  3 killer bees (D:5)
  A crimson imp (D:5)
  A hound (D:4)
  A scorpion (D:4)
  2 orc priests (D:4)
  2 orc wizards (D:4)
  A deep elf soldier (D:4)
  An iguana (D:4)
  2 worker ants
  7 adders
  An adder skeleton (D:4)
  A giant mite (D:4)
  A worm (D:3)
  A giant gecko (D:4)
  2 oozes (D:2)
  11 orcs
  3 ball pythons
  6 bats
  3 giant cockroaches
  6 hobgoblins
  13 jackals (D:2)
  4 quokkas
  17 goblins
  A hobgoblin zombie (D:5)
  A jackal skeleton (D:4)
  13 kobolds
  An orc skeleton (D:4)
  8 rats
117 creatures vanquished.

Vanquished Creatures (others)
  A bat (D:2)
1 creature vanquished.

Grand Total: 118 creatures vanquished

Notes
Turn   | Place    | Note
--------------------------------------------------------------
     0 | D:1      | Kae, the Minotaur Berserker, began the quest for the Orb.
     0 | D:1      | Reached XP level 1. HP: 19/19 MP: 0/0
   499 | D:2      | Found a deep blue altar of Sif Muna.
   500 | D:2      | Reached XP level 2. HP: 26/26 MP: 0/0
   576 | D:2      | Reached skill level 4 in Maces & Flails
   615 | D:2      | Reached XP level 3. HP: 13/33 MP: 1/1
   619 | D:2      | Acquired Trog's second power
  1388 | D:2      | Noticed a giant goldfish zombie
  1392 | D:2      | Noticed a giant goldfish zombie
  1668 | D:2      | Reached XP level 4. HP: 35/40 MP: 1/1
  2203 | D:3      | Reached skill level 5 in Maces & Flails
  2264 | D:3      | Noticed a centaur
  2283 | D:3      | Killed a centaur
  2283 | D:3      | Reached XP level 5. HP: 47/47 MP: 1/1
  2514 | D:4      | Acquired Trog's third power
  2592 | D:4      | Got an encrusted scale mail
  2606 | D:4      | Identified the +2 scale mail of Watchfulness {Str+2 Int+4} (You found it on level 4 of the Dungeon)
  2615 | D:4      | Reached XP level 6. HP: 53/53 MP: 2/2
  2623 | D:4      | Reached skill level 5 in Fighting
  2943 | D:4      | Reached skill level 6 in Maces & Flails
  3699 | D:4      | Reached XP level 7. HP: 60/60 MP: 2/2
  3794 | D:5      | Entered Level 5 of the Dungeon
  3958 | D:5      | Found an iron altar of Okawaru.
  4005 | D:5      | Noticed Grinder
  4005 | D:5      | Paralysed by Grinder for 2 turns
  4024 | D:5      | Killed Grinder
  4024 | D:5      | Reached skill level 7 in Maces & Flails
  4118 | D:5      | Reached skill level 5 in Armour
  4118 | D:5      | Reached skill level 5 in Dodging
  4129 | D:5      | HP: 3/61 [killer bee (5)]
  4131 | D:5      | Succumbed to a killer bee's poison

Action                   |  1- 3 |  4- 6 |  7- 9 || total
-------------------------+-------+-------+-------++-------
Melee: Mace              |    92 |   140 |    36 ||   268
Invok: Berserk           |       |     1 |     1 ||     2
       Trog's Hand       |       |     1 |     1 ||     2
  Use: Scroll            |       |    10 |     4 ||    14
